 Dungeon Crawl Stone Soup version 0.28-a0-883-gc8d7bad45d (webtiles) character file.

Game seed: 13385779100446205984

7765 croobank the Slicer (level 11, -4/94 HPs)
             Began as an Octopode Transmuter on Nov 21, 2021.
             Was a Believer of Qazlal.
             Slain by a two-headed ogre (12 damage)
             ... on level 9 of the Dungeon.
             The game lasted 01:48:16 (11409 turns).

croobank the Slicer (Octopode Transmuter)          Turns: 11409, Time: 01:48:17

Health: -4/94      AC: 29    Str: 18    XL:     11   Next: 20%
Magic:  19/19      EV:  2    Int: 15    God:    Qazlal [**....]
Gold:   433        SH:  2    Dex: 13    Spells: 5/21 levels left

rFire   . . .      SeeInvis .   x - +3 dagger "Giantslayer" {drain, Str+5}
rCold   + . .      Faith    .   (no shield)
rNeg    . . .      Spirit   .   (helmet currently unavailable)
rPois   +          Reflect  .   A - amulet of magic regeneration
rElec   .          Harm     .   i - ring of willpower
rCorr   .          Rampage  .   B - +4 ring of protection
Will    ++...      NoTele   +   E - ring of protection from cold
Stlth   +.........              u - ring of willpower
HPRegen 0.25/turn               (no ring)
MPRegen 0.41/turn               (no ring)
                                (no ring)
                                (no ring)

@: tree-form, silenced
A: stationary, stasis, torment immunity, boosted hp, almost no armour,
(amphibious), 8 rings, (camouflage 1), (gelatinous body 1), (nimble swimmer 1),
(tentacles)
a: Renounce Religion


You were on level 9 of the Dungeon.
You worshipped Qazlal.
Qazlal was pleased with you.
You were a tree.
You visited 2 branches of the dungeon, and saw 11 of its levels.

You collected 433 gold pieces.

Inventory:

Hand Weapons
 d - a +5 falchion of protection
 f - a +0 flail
 h - a +0 short sword
 l - a +1 whip of freezing
 m - a +0 great sword
 r - a +3 broad axe
 t - a +0 trident
 x - the +3 dagger "Giantslayer" (weapon) {drain, Str+5}
   (You took it off a kobold on level 4 of the Dungeon)

   A truly terrible weapon, it drains the life of any living foe it strikes.
   Str:       It affects your strength (+5).
 y - a +2 flail of protection
 K - a +0 short sword of speed
 M - a +1 halberd of flaming
Missiles
 a - 151 stones
 b - 10 poisoned darts (quivered)
 z - 2 boomerangs
Armour
 k - a +2 hat (melded)
Jewellery
 i - a ring of willpower (left branch)
 u - a ring of willpower (on tentacle)
 A - an amulet of magic regeneration (around neck)
 B - a +4 ring of protection (right branch)
 E - a ring of protection from cold (on tentacle)
Wands
 n - a wand of charming (9)
 L - a wand of iceblast (1)
Scrolls
 e - a scroll of teleportation
 o - a scroll of enchant armour
 v - 3 scrolls of amnesia
 w - a scroll of fear {unknown}
 D - 4 scrolls of magic mapping
 H - a scroll of summoning {unknown}
 I - a scroll of vulnerability {unknown}
 J - a scroll of noise {unknown}
Potions
 c - 2 potions of ambrosia
 g - 2 potions of degeneration
 j - 2 potions of resistance
 p - 3 potions of attraction
 s - 3 potions of flight
 F - a potion of lignification
 G - a potion of magic {unknown}


   Skills:
 - Level 1.1 Fighting
 - Level 10.0 Short Blades
 - Level 6.4 Axes
 - Level 1.0(4.1) Maces & Flails
 - Level 2.2 Dodging
 - Level 1.5 Stealth
 - Level 3.5 Unarmed Combat
 + Level 5.7 Spellcasting
 - Level 4.0 Transmutations
 - Level 4.0 Ice Magic
 - Level 4.0 Poison Magic
 + Level 8.5 Invocations


You had 5 spell levels left.
You knew the following spells:

 Your Spells              Type           Power      Damage    Failure   Level
a - Beastly Appendage     Tmut           32%        N/A       3%          1
b - Wereblood             Tmut           16%        N/A       4%          2
c - Spider Form           Tmut/Pois      16%        N/A       9%          3
d - Ice Form              Ice/Tmut       16%        N/A       28%         4
e - Poisonous Vapours     Pois/Air       20%        N/A       10%         2
f - Passwall              Tmut/Erth      8%         N/A       10%         2
g - Corpse Rot            Necr/Air       8%         N/A       22%         2

Your spell library contained the following spells:

 Spells                   Type           Power      Damage    Failure   Level
 Storm Form               Tmut/Air       5%         N/A       100%        7
 Lehudib's Crystal Spear  Conj/Erth      2%         10d2      100%        8


Dungeon Overview and Level Annotations

Branches:
Dungeon (10/15)            Temple (1/1) D:4
   Lair: D:8-11         Orc: D:9-12

Altars:
Ashenzari
Dithmenos
Elyvilon
Fedhas
Hepliaklqana
Kikubaaqudgha
Nemelex Xobeh
Okawaru
Qazlal
Ru
Sif Muna
Trog
Uskayaw
Vehumet
Wu Jian
Xom
Zin
The Shining One

Shops:
D:3 :   D:7 (

Annotations:
D:9 Psyche


Innate Abilities, Weirdness & Mutations

You are a tree.
Your roots penetrate the ground, keeping you stationary.
You cannot be teleported.
You are immune to unholy pain and torment.
Your maximum health is greatly increased.
You cannot wear most types of armour.
((You are amphibious.))
You can wear up to eight rings at the same time.
((Your skin changes colour to match your surroundings (Stealth+).))
((Your rubbery body absorbs attacks. (AC +1, EV +1)))
((You are camouflaged near water. (Stealth+)))
((You have tentacles for arms and can constrict up to eight enemies at once.))


Message History

The orc priest is moderately wounded.
The orc priest hits you but does no damage.
You cannot cast spells when silenced!
Okay, then.
Unknown command.
You are a level 11 Octopode Transmuter.
You are 19% of the way to level 12.
Play time: 01:46:51 (11408 turns).
Zot will find you in 26236 turns if you stay in this branch and explore no new floors.
Unknown command.
Aiming: Iceblast
Press: ? - help, Shift-Dir - straight line, f - two-headed ogre
Aim: a two-headed ogre, wielding a +0 giant club and a +0 dire flail (silenced) That beam is likely to hit you.
Continue anyway?
The mass of ice explodes!
The iceblast engulfs the two-headed ogre!
The two-headed ogre is moderately wounded.
The iceblast engulfs the orc!
You kill the orc!
Qazlal accepts your kill.
The iceblast engulfs you but does no damage.
The iceblast engulfs the orc priest!
You kill the orc priest!
Qazlal accepts your kill.
Aiming: Charm
Press: ? - help, Shift-Dir - straight line, f/p - two-headed ogre
Aim: a two-headed ogre, wielding a +0 giant club and a +0 dire flail (silenced, moderately wounded, chance to affect: 28%)
Okay, then.
Aiming: Iceblast
Press: ? - help, Shift-Dir - straight line, p - two-headed ogre That beam is likely to hit you.
Continue anyway?
The mass of ice explodes!
The iceblast engulfs something!
The iceblast engulfs the two-headed ogre!
The two-headed ogre is heavily wounded.
The iceblast engulfs you.
* * * LOW HITPOINT WARNING * * *
An orc comes into view. It is wielding a +0 hand axe.
Something hits you but does no damage.
Something tries to affect you, but you resist.
The two-headed ogre hits you with a +0 giant club!
You die...

...... ##.... ..#.## ..# #.#..
......# #.# ##. ....#.. ... ##
##.......#.# # ###### ......>.#.#
# .....# . ##o# #...#.# # .<..$#
....##.)## #....######### .....#
......)O♣###.............
..........######.).####.#########
......... ###...##....# .....####
###.......# .....# #########
.....# .....#


You could see a two-headed ogre and an orc (wandering).

Vanquished Creatures
  Erica (D:9)
  A two-headed ogre (D:8)
  Pikel (D:7)
  The ghost of cheechan the Sneak, a novice OpMo of Ashenzari (D:6)
  Maurice (D:9)
  Joseph (D:7)
  Maggie (D:9)
  Grinder (D:6)
  Prince Ribbit (D:6)
  A wraith (D:9)
  4 yaks
  Eustachio (D:4)
  A steam dragon (D:7)
  Menkaure (D:6)
  Edmund (D:6)
  A water moccasin (D:6)
  3 orc warriors
  2 sky beasts
  A black bear (D:5)
  A necrophage (D:6)
  An ice beast (D:7)
  2 ogres (D:7)
  3 centaurs
  2 phantoms
  2 bullfrogs
  5 scorpions
  A wyvern skeleton (D:6)
  11 killer bees
  4 howler monkeys
  3 centaur zombies
  A bullfrog zombie (D:5)
  6 orc priests
  A gnoll shaman (D:6)
  3 hounds
  A centaur skeleton (D:7)
  3 iguanas
  Natasha (thrice) (D:4)
  3 orc wizards
  A howler monkey zombie (D:8)
  7 adders
  5 gnolls (D:6)
  A howler monkey skeleton (D:6)
  3 shadow imps
  2 white imps
  An ufetubus (D:7)
  2 adder zombies (D:5)
  A worm (D:3)
  28 orcs
  9 endoplasms
  2 giant cockroaches
  4 goblins
  2 hobgoblins
  4 jackals (D:5)
  4 quokkas
  6 ball pythons
  4 bats
  3 frilled lizards
  4 kobolds
  2 rats
176 creatures vanquished.

Vanquished Creatures (others)
  A plant (D:7)
1 creature vanquished.

Grand Total: 177 creatures vanquished

Notes
Turn   | Place    | Note
-------+----------+-------------------------------------------
     0 | D:1      | croobank the Octopode Transmuter began the quest for the
                  | Orb.
     0 | D:1      | Reached XP level 1. HP: 13/13 MP: 3/3
   248 | D:1      | Found a faded altar of an unknown god.
   840 | D:1      | Reached XP level 2. HP: 15/18 MP: 3/5
  1542 | D:2      | You fall into a shaft and drop 2 floors!
  1556 | D:4      | Reached skill level 1 in Maces & Flails
  1556 | D:4      | Reached skill level 1 in Stealth
  1556 | D:4      | Reached XP level 3. HP: 11/23 MP: 4/6
  1718 | D:4      | Learned a level 2 spell: Wereblood
  1826 | D:3      | Reached XP level 4. HP: 21/28 MP: 5/7
  1855 | D:3      | Learned a level 3 spell: Spider Form
  2204 | D:3      | Reached skill level 1 in Axes
  2321 | D:3      | Found Ipibiv's Book Shoppe.
  2790 | D:4      | Identified the +3 dagger "Giantslayer" {drain, Str+5}
  2903 | D:4      | Noticed Natasha
  2909 | D:4      | Killed Natasha
  2910 | D:4      | Reached skill level 1 in Short Blades
  2910 | D:4      | Reached XP level 5. HP: 12/33 MP: 4/8
  3119 | D:4      | Noticed Natasha
  3131 | D:4      | Killed Natasha
  3132 | D:4      | Reached skill level 2 in Short Blades
  3244 | D:4      | Found a staircase to the Ecumenical Temple.
  3255 | Temple   | Entered the Ecumenical Temple
  3436 | Temple   | Became a worshipper of Qazlal Stormbringer
  3582 | D:4      | Noticed Natasha
  3589 | D:4      | Killed Natasha
  3992 | D:4      | Reached skill level 3 in Short Blades
  4363 | D:4      | Noticed Eustachio
  4376 | D:4      | Killed Eustachio
  4377 | D:4      | Reached skill level 4 in Short Blades
  4377 | D:4      | Reached XP level 6. HP: 35/38 MP: 5/9
  4475 | D:5      | Entered Level 5 of the Dungeon
  4493 | D:5      | Reached skill level 5 in Short Blades
  4522 | D:5      | Reached XP level 7. HP: 40/43 MP: 6/10
  4601 | D:5      | Reached skill level 1 in Poison Magic
  4659 | D:5      | Reached * piety under Qazlal
  4660 | D:5      | Reached skill level 6 in Short Blades
  5380 | D:6      | Reached XP level 8. HP: 48/48 MP: 11/11
  5463 | D:6      | Reached skill level 7 in Short Blades
  5868 | D:6      | Noticed Grinder
  5870 | D:6      | Reached skill level 1 in Ice Magic
  5870 | D:6      | Noticed a yak
  5983 | D:5      | Killed a yak
  6124 | D:6      | Killed Grinder
  6125 | D:6      | Reached XP level 9. HP: 36/53 MP: 12/12
  6249 | D:6      | Reached ** piety under Qazlal
  6374 | D:6      | Noticed Menkaure
  6404 | D:6      | Killed Menkaure
  6405 | D:6      | Reached skill level 5 in Axes
  6570 | D:6      | Learned a level 4 spell: Ice Form
  6586 | D:6      | Got Ciorelugosch's Disquisition on the Gliding Rocks
  6590 | D:6      | Learned a level 2 spell: Poisonous Vapours
  6613 | D:6      | Found a runed translucent door.
  6615 | D:6      | Noticed cheechan's ghost (novice OpMo)
  6629 | D:6      | Noticed Prince Ribbit
  6638 | D:6      | Killed Prince Ribbit
  6639 | D:6      | Reached skill level 1 in Invocations
  6722 | D:6      | Noticed Edmund
  6752 | D:6      | Killed Edmund
  7051 | D:6      | Killed cheechan's ghost
  7052 | D:6      | Reached skill level 8 in Short Blades
  7454 | D:7      | Found Vodghi Iruu's Hydra Hut.
  7459 | D:7      | Noticed a five-headed hydra
  7725 | D:7      | Reached skill level 5 in Invocations
  7725 | D:7      | Reached XP level 10. HP: 43/58 MP: 13/13
  7726 | D:7      | Reached skill level 9 in Short Blades
  7729 | D:7      | Learned a level 2 spell: Passwall
  7842 | D:7      | Identified the +1 cloak of Nemelex Xobeh's Whim {Drain rF+
                  | Int+9}
  8212 | D:7      | Noticed Joseph
  8233 | D:7      | Killed Joseph
  8268 | D:7      | Noticed Pikel
  8429 | D:7      | Killed Pikel
  8489 | D:8      | Noticed a two-headed ogre
  9467 | D:8      | Learned a level 2 spell: Corpse Rot
  9947 | D:8      | Killed a two-headed ogre
 10615 | D:10     | Entered Level 10 of the Dungeon
 10782 | D:9      | Reached XP level 11. HP: 48/63 MP: 16/18
 10805 | D:9      | Noticed Maurice
 10818 | D:9      | Noticed Maggie
 10823 | D:9      | Killed Maurice
 10824 | D:9      | Reached skill level 5 in Spellcasting
 11181 | D:9      | Killed Maggie
 11182 | D:9      | Reached skill level 10 in Short Blades
 11320 | D:9      | Upgraded the game from 0.28-a0-872-g80cf8599ee to
                  | 0.28-a0-883-gc8d7bad45d
 11377 | D:9      | Noticed Erica
 11391 | D:9      | Noticed a two-headed ogre
 11395 | D:9      | Noticed Psyche
 11404 | D:9      | Killed Erica
 11409 | D:9      | Slain by a two-headed ogre

Illustrated notes

Levels and vault maps discovered:
D:1:      dpeg_arrival_rooms_b, layout_loops_ring,
          hellmonk_ecumenical_altar_arch_garden
D:2:      layout_rooms
D:3:      layout_rooms, serial_curves, eino_curves_02, eino_curves_04,
          serial_shops, shop_statue
D:4:      layout_loops_corners, minmay_temple_entry_large_hall, uniq_eustachio,
          uniq_natasha
D:5:      layout_loops_cross, kennysheep_generic_room_14
D:6:      layout_basic, hellmonk_ghost_happy_afterlife,
          minmay_increasing_density, uniq_edmund, uniq_grinder,
          uniq_prince_ribbit1, uniq_menkaure
D:7:      layout_rooms, doesnt_shop_hydraphobe, uniq_pikel, uniq_joseph
D:8:      layout_loops_cross
D:9:      layout_rooms, uniq_maggie, uniq_psyche, uniq_erica, uniq_maurice
D:10:     layout_loops_ring, mainiacjoe_overflow_alcove_3, uniq_harold
Temple:   dpeg_five_rooms_temple

Skill      XL: |  1  2  3  4  5  6  7  8  9 10 11 |
---------------+----------------------------------+-----
Maces & Flails | 1 |  1.0
Stealth        | 1 |  1.5
Axes           | 1 3 5 6 |  6.4
Short Blades   | 1 4 5 6 7 8 9 10 | 10.0
Poison Magic   | 3 4 |  4.0
Transmutations | 3 4 |  4.0
Ice Magic      | 3 4 |  4.0
Invocations    | 5 7 8 |  8.5
Spellcasting   | 4 5 |  5.7
Fighting       | |  1.1
Dodging        | |  2.2
Unarmed Combat | |  3.5

Action                   |  1- 3 |  4- 6 |  7- 9 | 10-12 || total
-------------------------+-------+-------+-------+-------++-------
Melee: Unarmed           |    16 |       |    32 |       ||    48
       Kick              |    10 |    13 |    60 |    44 ||   127
       Constrict         |     9 |    17 |    32 |    29 ||    87
       Tentacles         |     6 |    17 |    62 |    57 ||   142
       Flail             |    28 |       |       |       ||    28
       Hand axe          |     3 |       |       |       ||     3
       War axe           |       |    23 |       |       ||    23
       Dagger            |       |    56 |   204 |   212 ||   472
       Punch             |       |     1 |     6 |     9 ||    16
Throw: Dart              |       |       |       |     2 ||     2
 Cast: Beastly Appendage |    19 |    16 |    25 |    13 ||    73
       Wereblood         |     1 |    14 |    13 |    12 ||    40
       Spider Form       |       |       |     3 |       ||     3
       Poisonous Vapours |       |       |       |     1 ||     1
Invok: Upheaval          |       |       |     2 |     4 ||     6
Evoke: Wand              |       |       |       |     4 ||     4
  Use: Scroll            |       |     4 |     7 |    11 ||    22
       Potion            |       |     3 |     3 |     6 ||    12
 Stab: Sleeping          |     6 |     2 |       |       ||     8
Armor: Skin              |     1 |     2 |    28 |    39 ||    70
Dodge: Dodged            |    31 |    48 |   121 |    91 ||   291
Block: Other             |       |       |     9 |    10 ||    19

Table legend: (Time is in decaauts)
 A = Elapsed time spent in this place.
 B = Non-inter-level travel time spent in this place.
 C = Inter-level travel time spent in this place.
 D = Time resting spent in this place.
 E = Time spent auto-exploring this place.
 F = Levels seen in this place.
 G = Mean time per level.
                   A        B        C        D        E       F      G
               +--------+--------+--------+--------+--------+-----+--------+
         Total |  11222 |  10904 |    318 |   4291 |   4564 |  11 | 1020.2 |
       Dungeon |  10927 |  10640 |    287 |   4291 |   4317 |  10 | 1092.7 |
        Temple |    294 |    263 |     31 |      0 |    247 |   1 |  294.0 |
               +--------+--------+--------+--------+--------+-----+--------+

Top non-repeatable levels by time:
     D:6: 1905 daAuts
     D:8: 1834 daAuts
     D:4: 1735 daAuts
     D:1: 1312 daAuts
     D:7: 1245 daAuts
     D:5: 1087 daAuts
     D:3: 593 daAuts
     D:2: 538 daAuts
     D:9: 512 daAuts
  Temple: 294 daAuts
    D:10: 162 daAuts
